 Dungeon Crawl Stone Soup version 0.27-a0-808-g60bc5d92e6 (webtiles) character file.

Game seed: 9530224189004092306

63 wakim the Sneak (level 3, 0/16 HPs)
             Began as a Spriggan Enchanter on Mar 28, 2021.
             Killed by nerve-wracking pain
             ... invoked by Jessica
              (3 damage)
             ... on level 2 of the Dungeon.
             The game lasted 00:09:23 (2199 turns).

wakim the Sneak (Spriggan Enchanter)                Turns: 2199, Time: 00:09:24

Health: 0/16       AC:  2    Str:  4    XL:     3   Next: 87%
Magic:  7/8        EV: 18    Int: 16    God:
Gold:   66         SH:  0    Dex: 16    Spells: 4/7 levels left

rFire    . . .     SeeInvis +   b - +2 dagger (drain) {short}
rCold    . . .     Faith    .   (shield restricted)
rNeg     . . .     Spirit   .   i - +0 robe
rPois    .         Reflect  .   (helmet restricted)
rElec    .         Harm     .   (no cloak)
rCorr    .         Rampage  .   (gloves unavailable)
Will     .....                  (boots unavailable)
Stlth    +++.......             (no amulet)
HPRegen  0.05/turn              f - ring of flight
MPRegen  0.11/turn              (no ring)

@: about to teleport, flying, slowed, quick
A: very small, no large weapons, unfitting armour, see invisible, speed 3
a: no special abilities


You were on level 2 of the Dungeon.
You visited 1 branch of the dungeon, and saw 2 of its levels.

You collected 66 gold pieces.


Innate Abilities, Weirdness & Mutations

You are very small and have problems with some larger weapons.
You are too small for most types of armour.
You have supernaturally acute eyesight. (SInv)
You cover ground extremely quickly. (Speed+++)


   Skills:
 * Level 2.6 Short Blades
 + Level 3.8 Dodging
 - Level 5.0 Stealth
 - Level 2.6 Spellcasting
 + Level 3.8 Hexes
 + Level 0.4 Ice Magic


You had 4 spell levels left.
You knew the following spells:

 Your Spells              Type           Power      Damage    Failure   Level
a - Corona                Hex            15%        N/A       4%          1
g - Ensorcelled Hibernat  Hex/Ice        18%        N/A       12%         2

Your spell library contained the following spells:

 Spells                   Type           Power      Damage    Failure   Level
 Confusing Touch          Hex            14%        N/A       12%         3
 Tukima's Dance           Hex            14%        N/A       12%         3
 Animate Skeleton         Necr           4%         N/A       19%         1
 Apportation              Tloc           4%         N/A       19%         1
 Summon Small Mammal      Summ           8%         N/A       19%         1
 Dazzling Flash           Conj/Hex       16%        N/A       26%         3

Inventory:

Hand Weapons
 a - a +1 dagger of holy wrath {short}
   (You took it off a goblin on level 1 of the Dungeon)
 b - a +2 dagger of draining (weapon) {short}
   (You took it off a kobold on level 2 of the Dungeon)
Missiles
 c - 4 boomerangs {throwing}
 d - 33 arrows
 e - a throwing net {=f!fthrowing}
 g - 21 bolts
Armour
 i - a +0 robe (worn)
Jewellery
 f - a ring of flight (left hand)
   (You found it on level 1 of the Dungeon)
Scrolls
 h - a scroll of amnesia {unknown}
 j - a scroll of magic mapping {unknown}
 Y - a scroll of teleportation {@r4}
 Z - 2 scrolls of identify {@r1}
Potions
 J - a potion of curing {@q1}
 U - a potion of mutation {!q}

Dungeon Overview and Level Annotations

Branches:
Dungeon (2/15)

Altars:
Kikubaaqudgha

Annotations:
D:2 Jessica

#.##.# #.# #.#
#.##.# #.# #.#
...#โ€ #####.###
#.# #..#....โ€
....# #.#
#..########..# #.#
#..# #..# #.# #..#
#..# #.# #..# #..#
#ยง# #..######
#..# #@#
#.......###..###.#
##.####.#......#@#
#.# #.#..###.#.#
#.# #....# #...#
#.# ###..###.###
#.# #......# #.#
#....###
#.######..###


You could see Jessica (fast).


Message History

You kill the goblin!
Things that are here:
a +0 club {mace}; a goblin corpse The helpless hobgoblin fails to defend itself.
You impale the hobgoblin!!
You kill the hobgoblin!
h - a scroll labelled JUUTAME QEMA A worm comes into view.
The worm barely misses you.
Casting: Ensorcelled Hibernation (safe; 12% risk of failure)
Confirm with . or Enter, or press ? or * to list all spells.
Aiming: Ensorcelled Hibernation (safe; 12% risk of failure)
Press: ? - help, Shift-Dir - straight line, f - worm
Aim: a worm (chance to affect: 49%)
The worm resists with some effort. ๐Ÿ˜Ž MP[-2]
You lost 2 mp, and now have 6/8 mp.
Casting: Ensorcelled Hibernation (safe; 12% risk of failure)
Confirm with . or Enter, or press ? or * to list all spells.
Aiming: Ensorcelled Hibernation (safe; 12% risk of failure)
Press: ? - help, Shift-Dir - straight line, f/p - worm
Aim: a worm (chance to affect: 49%)
The worm looks drowsy... ๐Ÿ˜Ž MP[-2]
You lost 2 mp, and now have 4/8 mp.
The helpless worm fails to defend itself.
You impale the worm!!
You kill the worm!
The bat completely misses you.
You hit the bat. You drain the bat.
You kill the bat!
Things that are here:
a +0 club {mace}; a goblin corpse You see here a +0 robe.
A hobgoblin comes into view. ๐Ÿ˜Ž MP[+4]
Your mp is fully restored (8).
The helpless hobgoblin fails to defend itself.
You impale the hobgoblin!!
You kill the hobgoblin!
You see here a hobgoblin corpse.
A hobgoblin comes into view.
You see here 25 stones {throwing}.
The hobgoblin shouts!
The hobgoblin hits you but does no damage.
Casting: Ensorcelled Hibernation (safe; 12% risk of failure)
Confirm with . or Enter, or press ? or * to list all spells.
Aiming: Ensorcelled Hibernation (safe; 12% risk of failure)
Press: ? - help, Shift-Dir - straight line, f - hobgoblin
Aim: a hobgoblin (chance to affect: 58%)
The hobgoblin looks drowsy... ๐Ÿ˜Ž MP[-2]
You lost 2 mp, and now have 6/8 mp.
The helpless hobgoblin fails to defend itself.
You impale the hobgoblin!!
You kill the hobgoblin!
s - 47 stones {throwing} (gained 25)
You see here a bat corpse.
Jessica the Apprentice Sorceress comes into view.
She is wielding a +1 spectral club. ๐Ÿ˜Ž MP[+2]
Your mp is fully restored (8).
Drop what? 15/52 slots (_ for help) (? for menu, Esc to quit)
You drop 47 stones {throwing}.
Jessica shouts!
Jessica gestures at you while chanting.
Pain shoots through your body! ๐Ÿ˜• HP[-1]
You take 1 damage, and now have 15/16 hp. ๐Ÿ˜Ž HP[+1]
Your hp is fully restored (16).
Jessica mumbles some strange words.
Jessica seems to speed up.
Jessica looks drowsy... ๐Ÿ˜Ž MP[-2]
You lost 2 mp, and now have 6/8 mp.
Jessica barely misses you.
You hit Jessica but do no damage.
Jessica hits you with a +1 spectral club. ๐Ÿ˜• HP[-1]
You take 1 damage, and now have 15/16 hp.
Jessica points at you and mumbles some strange words.
You feel yourself slow down.
Jessica points at you and mumbles some strange words.
You struggle to resist.
Jessica gestures at you while chanting. Pain shoots through your body!
Ouch! That really hurt!
* * * LOW HITPOINT WARNING * * *
You see here 47 stones {throwing}. ๐Ÿ˜ฑ HP[-12]
You take 12 damage, and now have 3/16 hp.
MASSIVE DAMAGE!! (PAUSE)
As you read the scroll of teleportation {@r4}, it crumbles to dust.
You feel strangely unstable. ๐Ÿ˜ฑ MP[+1] Jessica casts a spell.
Jessica blinks!
Jessica casts a spell at you. Pain shoots through your body!
You die...

Skill      XL: |  1  2 |
---------------+-------+-----
Dodging        | 3 |  3.8
Stealth        | 5 |  5.0
Short Blades   | 2 |  2.6
Spellcasting   | |  2.6
Hexes          | |  3.8
Ice Magic      | |  0.4

Action                   || total
-------------------------++-------
Melee: Dagger            ||    73
 Cast: Corona            ||     6
       Ensorcelled Hiber ||    20
  Use: Scroll            ||     4
 Stab: Sleeping          ||    32
Armor: Robe              ||     6
Dodge: Dodged            ||    42

Levels and vault maps discovered:
D:1:      elethiomel_arrival_shortcut, layout_loops_ring
D:2:      layout_loops_ring, old_standard_altar, uniq_jessica

Notes
Turn   | Place    | Note
-------+----------+-------------------------------------------
     0 | D:1      | wakim the Spriggan Enchanter began the quest for the Orb.
     0 | D:1      | Reached XP level 1. HP: 9/9 MP: 5/5
     0 | D:1      | magus.rc [v1.9.6]
   523 | D:1      | Reached skill level 3 in Dodging
   566 | D:1      | Reached XP level 2. HP: 13/13 MP: 6/6
   569 | D:1      | Learned a level 2 spell: Ensorcelled Hibernation
   829 | D:1      | Reached skill level 5 in Stealth
   961 | D:1      | Reached skill level 2 in Short Blades
  1379 | D:2      | Reached XP level 3. HP: 14/16 MP: 0/8
  1831 | D:2      | Found an ancient bone altar of Kikubaaqudgha.
  1838 | D:2      | You pick up a book of Cantrips and begin reading...
  1838 | D:2      | You add the spells Animate Skeleton, Summon Small Mammal
                  | and Apportation to your library.
  2174 | D:2      | Noticed Jessica
  2195 | D:2      | HP: 3/16 [Jessica/nerve-wracking pain (12)]
  2199 | D:2      | Killed from afar by Jessica

Vanquished Creatures
  An adder (D:2)
  2 worms (D:2)
  3 ball pythons
  5 bats
  An endoplasm (D:1)
  2 giant cockroaches (D:1)
  8 hobgoblins
  3 jackals (D:2)
  A quokka (D:1)
  3 frilled lizards
  7 goblins
  4 kobolds
  A rat (D:2)
41 creatures vanquished.

Table legend:
 A = Non-vault XP
 B = Vault XP
 C = Vault XP percentage of total XP
 D = Non-vault monster count
 E = Vault monster count
 F = Vault count percentage of total count
                 A         B        C        D         E       F
            +---------+---------+-------+---------+---------+-------
      Total |      90 |       0 |   0.0 |      41 |       0 |   0.0
            +---------+---------+-------+---------+---------+-------
        D:1 |      37 |       0 |   0.0 |      21 |       0 |   0.0
        D:2 |      53 |       0 |   0.0 |      20 |       0 |   0.0
            +---------+---------+-------+---------+---------+-------

Illustrated notes

Table legend:
 A = Kills in this place as a percentage of kills in entire the game.
 B = Kills by you in this place as a percentage of kills by you in the entire game.
 C = Kills by friends in this place as a percentage of kills by friends in the entire game.
 D = Other kills in this place as a percentage of other kills in the entire game.
 E = Experience gained in this place as a percentage of experience gained in the entire game.
 F = Experience gained in this place divided by the number of levels of this place that you have seen.
                   A       B       C       D       E      F
               +-------+-------+-------+-------+-------+----------------------
         Total | 100.0 | 100.0 |   N/A |   N/A | 100.0 |  45.0
       Dungeon | 100.0 | 100.0 |   N/A |   N/A | 100.0 |  45.0
               +-------+-------+-------+-------+-------+----------------------

Table legend: (Time is in decaauts)
 A = Elapsed time spent in this place.
 B = Non-inter-level travel time spent in this place.
 C = Inter-level travel time spent in this place.
 D = Time resting spent in this place.
 E = Time spent auto-exploring this place.
 F = Levels seen in this place.
 G = Mean time per level.
                   A        B        C        D        E       F      G
               +--------+--------+--------+--------+--------+-----+--------+
         Total |   1703 |   1684 |     19 |     66 |   1250 |   2 |  851.5 |
       Dungeon |   1703 |   1684 |     19 |     66 |   1250 |   2 |  851.5 |
               +--------+--------+--------+--------+--------+-----+--------+

Top non-repeatable levels by time:
     D:1: 1066 daAuts
     D:2: 636 daAuts
